 Dungeon Crawl Stone Soup version 0.30-a0-1059-g7dea3e163d (webtiles) character file.

Game seed: 11152182020891885741

17603 MacCMillion the Skirmisher (level 11, -7/95 HPs)
             Began as a Demigod Hunter on Apr 12, 2023.
             Mangled by a six-headed hydra (12 damage)
             ... on level 2 of the Lair of Beasts.
             The game lasted 00:31:36 (13773 turns).

MacCMillion the Skirmisher (Demigod Hunter)        Turns: 13773, Time: 00:31:37

Health: -7/95      AC:  8    Str: 12    XL:     11   Next: 93%
Magic:  14/14      EV: 20    Int: 11    God:
Gold:   845        SH:  0    Dex: 29    Spells: 10/10 levels left

rFire   + . .      SeeInvis .    a - +0 shortbow
rCold   . . .      Faith    .    (shield currently unavailable)
rNeg    . . .      Spirit   .    n - +0 troll leather armour
rPois   .          Reflect  .    z - +1 helmet
rElec   .          Rampage  .    H - +0 cloak
rCorr   .                        (no gloves)
Will    +....                    q - +0 pair of boots
Stlth   +++                      (no amulet)
HPRegen 1.15/turn                c - ring of protection from fire
MPRegen 0.14/turn                (no ring)

@: no status effects
A: high MP 1, forlorn, divine attributes
a: no special abilities


You were on level 2 of the Lair of Beasts.
You visited 2 branches of the dungeon, and saw 13 of its levels.

You collected 867 gold pieces.
You spent 22 gold pieces at shops.

Inventory:

Hand Weapons
 a - a +0 shortbow (weapon)
Armour
 n - a +0 troll leather armour (worn)
 q - a +0 pair of boots (worn)
 z - a +1 helmet (worn)
 G - +0 steam dragon scales
 H - a +0 cloak (worn)
Jewellery
 c - a ring of protection from fire (left hand)
 A - a ring of protection from fire
 C - a ring of wizardry
 K - a ring of ice
Wands
 y - a wand of flame (23)
 J - a wand of iceblast (8)
 M - a wand of mindburst (12)
 N - a wand of charming (6)
Scrolls
 b - 2 scrolls of immolation
 f - 2 scrolls of noise
 g - 5 scrolls of enchant armour
 h - 4 scrolls of fear
 j - a scroll of silence
 l - 2 scrolls of poison
 m - 2 scrolls of amnesia
 o - 6 scrolls of teleportation
 s - 4 scrolls of fog
 u - 3 scrolls of brand weapon
 w - a scroll of butterflies {unknown}
 x - a scroll of torment
 B - a scroll of enchant weapon
 D - a scroll of vulnerability
 E - a scroll of blinking
 L - 3 scrolls of identify
Potions
 d - 5 potions of curing
 e - 3 potions of flight
 i - 2 potions of invisibility
 k - 4 potions of heal wounds
 p - 3 potions of attraction
 r - a potion of haste
 t - a potion of berserk rage {unknown}
 v - 2 potions of lignification
 F - 4 potions of might
 I - a potion of degeneration {unknown}


   Skills:
 + Level 8.3 Fighting
 * Level 14.8 Ranged Weapons
 + Level 8.3 Dodging
 - Level 2.0 Stealth


You had 10 spell levels left.
You didn't know any spells.
Your spell library contained the following spells:

 Spells                   Type           Power      Damage    Failure   Level
 Apportation              Tloc           0%         N/A       41%         1
 Blink                    Tloc           0%         N/A       56%         2
 Ensorcelled Hibernation  Hex/Ice        0%         N/A       56%         2
 Lesser Beckoning         Tloc           0%         N/A       56%         2
 Momentum Strike          Conj/Tloc      0%         3d8       56%         2
 Passwall                 Tmut/Erth      0%         N/A       56%         2
 Gell's Gravitas          Tloc           0%         N/A       80%         3
 Stone Arrow              Conj/Erth      0%         3d7       80%         3
 Swiftness                Air            0%         N/A       80%         3
 Teleport Other           Tloc           0%         N/A       80%         3
 Animate Armour           Summ/Erth      0%         N/A       99%         4
 Alistair's Intoxication  Tmut/Pois      0%         N/A       100%        5
 Summon Forest            Summ/Tloc      0%         N/A       100%        5
 Summon Mana Viper        Hex/Summ       0%         N/A       100%        5
 Summon Cactus Giant      Summ           0%         N/A       100%        6
 Lehudib's Crystal Spear  Conj/Erth      0%         10d2      100%        8


Dungeon Overview and Level Annotations

Branches:
Dungeon (11/15)            Temple (0/1) D:7            Lair (2/5) D:8
  Swamp: Lair:2-3    Shoals: Lair:2-3     Snake: Lair:2-3    Spider: Lair:2-3
    Orc: D:9-12

Shops:
D:4 ?:   D:5 =   D:8 ?

Annotations:
D:2 Sigmund
D:5 exclusion: Eustachio
D:6 2 runed translucent doors


Innate Abilities, Weirdness & Mutations

You have an increased reservoir of magic. (+10% MP)
You shall have no god before yourself.
Your divine heritage dramatically boosts your attributes as you level up.


Message History

You shoot an arrow. The arrow hits the six-headed hydra.
The six-headed hydra is moderately wounded.
You shoot an arrow. The arrow hits the six-headed hydra!
The six-headed hydra is heavily wounded.
You shoot an arrow. The arrow hits the six-headed hydra!
The six-headed hydra is severely wounded.
You shoot an arrow. The arrow hits the six-headed hydra!
The six-headed hydra is severely wounded.
The six-headed hydra bites you!
The six-headed hydra bites you but does no damage.
The six-headed hydra bites you.
The six-headed hydra bites you but does no damage.
The six-headed hydra barely misses you. The six-headed hydra bites you.
You shoot an arrow. The arrow hits the six-headed hydra.
The six-headed hydra is severely wounded.
The six-headed hydra closely misses you.
The six-headed hydra bites you! x2; The six-headed hydra barely misses you.
The six-headed hydra bites you. The six-headed hydra barely misses you.
You shoot an arrow. The arrow hits the six-headed hydra.
The six-headed hydra is severely wounded.
The six-headed hydra bites you! The six-headed hydra bites you.
The six-headed hydra bites you!
* * * LOW HITPOINT WARNING * * *
The six-headed hydra barely misses you.
The six-headed hydra bites you but does no damage.
The six-headed hydra bites you.
* * * LOW HITPOINT WARNING * * *
You are too injured to fight recklessly!
You are too injured to fight recklessly!
Fire: a) +0 shortbow
Press: ? - help, Q - select action, (/) - cycle Shift-Dir - straight line, f/p - six-headed hydra
Aim: a six-headed hydra (severely wounded, 86% to hit)
You shoot an arrow.
The arrow barely misses the six-headed hydra.
The six-headed hydra barely misses you. The six-headed hydra bites you.
* * * LOW HITPOINT WARNING * * *
The six-headed hydra bites you!
* * * LOW HITPOINT WARNING * * *
The six-headed hydra bites you!
You die...

#### ###PPP#####
#.........# #..^.....##
#.........## ###
#...........
#####PP###...........
......D@.'........#..
#..##.#..#...........
##.###.........~. ##
####........ #..~≈~≈..
##~~≈~≈≈~≈ #####
##.~≈≈≈~≈≈≈ #######.P.##
##^'.~~≈§≈≈≈
#..........####.....~≈≈≈≈≈


You could see a six-headed hydra.

Vanquished Creatures
  A boulder beetle (D:8)
  5 two-headed ogres
  Pikel (D:7)
  A cyclops (D:6)
  A torpor snail (D:8)
  A black mamba (D:8)
  A gargoyle (D:10)
  5 cane toads
  3 komodo dragons (Lair:2)
  A troll (D:9)
  17 yaks
  3 wyverns
  Grum (D:8)
  Eustachio (D:5)
  A basilisk (Lair:1)
  2 steam dragons
  7 water moccasins
  3 sky beasts
  Duvessa (D:7)
  6 orc warriors
  4 black bears
  3 ice beasts
  An ogre (D:7)
  8 wolves
  3 centaurs
  3 kobold brigands
  3 lemures (D:7)
  A phantom (D:6)
  A gnoll sergeant (D:8)
  3 bullfrogs
  6 scorpions
  Dowan (D:7)
  8 wights
  6 killer bees
  5 electric eels (D:10)
  4 howler monkeys
  4 hounds
  3 jellies
  A gnoll bouda (D:8)
  9 orc priests
  3 sleepcaps
  Jessica (D:2)
  13 orc wizards
  5 iguanas
  6 gnolls
  6 adders
  2 shadow imps
  A white imp (D:6)
  An ufetubus (D:6)
  3 worms
  2 dart slugs (D:5)
  31 orcs
  7 ball pythons
  A bat zombie (D:9)
  3 endoplasms
  6 goblins
  6 hobgoblins
  4 jackals (D:2)
  3 quokkas
  8 bats
  3 frilled lizards
  17 kobolds
  5 rats
  3 rat zombies (D:9)
279 creatures vanquished.

Vanquished Creatures (others)
  A fungus (Lair:1)
  4 plants
  5 toadstools (D:1)
10 creatures vanquished.

Grand Total: 289 creatures vanquished

Notes
Turn   | Place    | Note
-------+----------+-------------------------------------------
     0 | D:1      | MacCMillion the Demigod Hunter began the quest for the Orb.
     0 | D:1      | Reached XP level 1. HP: 17/17 MP: 3/3
    14 | D:1      | Reached skill level 1 in Stealth
    75 | D:1      | Reached XP level 2. HP: 24/24 MP: 4/4
   204 | D:1      | Reached skill level 4 in Ranged Weapons
   674 | D:2      | Noticed Jessica
   680 | D:2      | Killed Jessica
   681 | D:2      | Reached XP level 3. HP: 29/29 MP: 5/5
  1039 | D:2      | Reached XP level 4. HP: 36/36 MP: 6/6
  1058 | D:2      | Noticed Sigmund
  1214 | D:2      | Reached skill level 5 in Ranged Weapons
  1949 | D:4      | Reached XP level 5. HP: 35/41 MP: 7/7
  1954 | D:4      | Reached skill level 6 in Ranged Weapons
  2004 | D:4      | Noticed a shadow
  2185 | D:4      | Found Jurugura's Magic Scroll Shop.
  2219 | D:4      | Bought a scroll of identify for 22 gold pieces
  2473 | D:4      | Found Wocuikh's Book Boutique.
  2737 | D:5      | Entered Level 5 of the Dungeon
  2739 | D:5      | Reached XP level 6. HP: 48/48 MP: 8/8
  2854 | D:5      | Reached skill level 7 in Ranged Weapons
  3134 | D:5      | Reached XP level 7. HP: 42/53 MP: 9/9
  3614 | D:5      | Reached skill level 8 in Ranged Weapons
  3683 | D:5      | Found Repnowud's Jewellery Emporium.
  4217 | D:5      | Noticed Eustachio
  4667 | D:5      | Killed Eustachio
  4668 | D:5      | Reached skill level 9 in Ranged Weapons
  4910 | D:6      | Found a large runed translucent door.
  4910 | D:6      | Found a large runed translucent door.
  5004 | D:6      | Reached XP level 8. HP: 56/60 MP: 10/10
  5143 | D:6      | Reached skill level 10 in Ranged Weapons
  5290 | D:6      | Noticed a cyclops
  5315 | D:6      | Killed a cyclops
  6173 | D:7      | Reached XP level 9. HP: 70/70 MP: 11/11
  6290 | D:7      | Reached skill level 11 in Ranged Weapons
  6431 | D:7      | Noticed Dowan
  6493 | D:7      | Identified the +11 dagger "Kaezaut" {flame, rF+ Int+2
                  | Dex+4}
  6780 | D:7      | Noticed Duvessa
  6896 | D:8      | Noticed Grum
  7003 | D:8      | Killed Grum
  7276 | D:8      | Noticed a boulder beetle
  7299 | D:8      | Killed a boulder beetle
  7300 | D:8      | Reached skill level 5 in Fighting
  7300 | D:8      | Reached skill level 12 in Ranged Weapons
  7300 | D:8      | Reached skill level 5 in Dodging
  7408 | D:7      | Noticed Pikel
  7538 | D:8      | Found The Oracle's Delphic Readings.
  7558 | D:8      | Noticed a two-headed ogre
  7647 | D:8      | Killed a two-headed ogre
  7648 | D:8      | Reached XP level 10. HP: 48/81 MP: 13/13
  7784 | D:8      | Found a staircase to the Lair.
  7998 | D:7      | Killed Duvessa
  8017 | D:7      | Killed Dowan
  8153 | D:7      | Killed Pikel
  8191 | D:7      | Found a staircase to the Ecumenical Temple.
  8691 | D:9      | Reached skill level 13 in Ranged Weapons
  8731 | D:9      | Identified the +1 hand axe "Duudd" {flame, rC+}
  8906 | D:9      | Noticed a two-headed ogre
  9351 | D:9      | Killed a two-headed ogre
 10666 | D:10     | Entered Level 10 of the Dungeon
 10666 | D:10     | Noticed a two-headed ogre
 10683 | D:9      | Killed a two-headed ogre
 10684 | D:9      | Reached XP level 11. HP: 81/91 MP: 14/14
 11316 | D:10     | Noticed a two-headed ogre
 11329 | D:10     | Killed a two-headed ogre
 12280 | D:11     | Noticed a two-headed ogre
 12290 | D:11     | Killed a two-headed ogre
 12291 | D:11     | Reached skill level 14 in Ranged Weapons
 12475 | Lair:1   | Entered Level 1 of the Lair of Beasts
 13760 | Lair:2   | Noticed a six-headed hydra
 13773 | Lair:2   | Mangled by a six-headed hydra

Illustrated notes

Levels and vault maps discovered:
D:1:      ldierk_walled_garden, layout_basic, minmay_tetromino_t4
D:2:      layout_basic, basic_ecumenical_altar, grunt_decor_fettered,
          uniq_terence, uniq_sigmund, uniq_jessica
D:3:      layout_rooms, doesnt_xom_only_xom, minmay_misc_feat_five
D:4:      layout_basic, riverfiend_overflow_shadow_ancestor,
          mainiacjoe_overflow_catwalk_spiral, serial_shops, shop, shop_fountains
D:5:      layout_basic, serial_shops, shop, lemuel_flame_loot_1, uniq_eustachio
D:6:      minmay_opposing_rooms, layout_basic, jmf_multi_god_temple2
D:7:      layout_basic, temple_fountains, uniq_duvessa, uniq_pikel
D:8:      layout_basic, lair_entry_dummy, minivault_21,
          nicolae_nh_oracle_at_delphi, uniq_grum
D:9:      layout_cave_pools, lemuel_zombie_altar_kikubaaqudgha,
          kennysheep_generic_room_8
D:10:     layout_irregular_city, old_standard_altar, serial_bayou_lake_a
D:11:     layout_irregular_city, kennysheep_okawaru_gauntlet
Lair:1:   layout_misc_corridors
Lair:2:   layout_roguey, hellmonk_ghost_happy_afterlife, lemuel_old_faithful,
          serial_bayou_shore_b, infiniplex_staircase_pool_2, uniq_fannar

Skill      XL: |  1  2  3  4  5  6  7  8  9 10 11 |
---------------+----------------------------------+-----
Stealth        | 1 2 |  2.0
Ranged Weapons | 4 5 6 7 9 10 12 13 14 | 14.8
Fighting       | 3 5 6 8 |  8.3
Dodging        | 3 5 6 8 |  8.3

Action                     |  1- 3 |  4- 6 |  7- 9 | 10-12 || total
---------------------------+-------+-------+-------+-------++-------
   Fire: Shortbow          |    93 |   191 |   409 |   826 ||  1519
    Use: Scroll            |       |     2 |     3 |    16 ||    21
         Potion            |       |       |       |     4 ||     4
 Armour: Leather armour    |     1 |       |       |       ||     1
         Troll leather arm |     3 |    25 |    43 |    75 ||   146
  Dodge: Dodged            |    14 |    50 |   134 |   393 ||   591

Table legend: (Time is in decaauts)
 A = Elapsed time spent in this place.
 B = Non-inter-level travel time spent in this place.
 C = Inter-level travel time spent in this place.
 D = Time resting spent in this place.
 E = Time spent auto-exploring this place.
 F = Levels seen in this place.
 G = Mean time per level.
                   A        B        C        D        E       F      G
               +--------+--------+--------+--------+--------+-----+--------+
         Total |  13822 |  12979 |    843 |   3609 |   6769 |  13 | 1063.2 |
       Dungeon |  12888 |  12081 |    807 |   3404 |   6299 |  11 | 1171.6 |
          Lair |    933 |    897 |     36 |    204 |    470 |   2 |  466.5 |
               +--------+--------+--------+--------+--------+-----+--------+

Top non-repeatable levels by time:
     D:8: 2310 daAuts
     D:5: 2143 daAuts
     D:9: 1657 daAuts
     D:7: 1232 daAuts
     D:6: 1202 daAuts
    D:10: 1154 daAuts
     D:4: 827 daAuts
     D:3: 704 daAuts
     D:1: 650 daAuts
     D:2: 609 daAuts
  Lair:1: 587 daAuts
    D:11: 396 daAuts
  Lair:2: 345 daAuts
